 Dungeon Crawl Stone Soup version 0.29-a0-352-g0917bc69df (webtiles) character file.

Game seed: 3034746770604812389

8831 spaghetti the Spry (level 11, -1/141 HPs)
             Began as a Djinni Hunter on Apr 24, 2022.
             Was a Plaything of Xom.
             Slain by a small abomination (5 damage)
             ... on level 1 of the Abyss.
             The game lasted 00:17:21 (10134 turns).

spaghetti the Spry (Djinni Hunter)                 Turns: 10134, Time: 00:17:22

Health: -1/141     AC: 25    Str: 10 (12) XL:     11   Next: 63%
Gold:   454        EV:  2    Int: 16 (17) God:    Xom [...*..] SH:  0 Dex: 27 (30)

rFire   . . .      SeeInvis .   b - +6 scimitar of Irritation {freeze, rN+ Dex+3, long}
rCold   . . .      Faith    .   (no shield)
rNeg    + . .      Spirit   .   (body armour currently unavailable)
rPois   ∞          Reflect  .   (helmet currently unavailable)
rElec   .          Harm     .   (cloak currently unavailable)
rCorr   .          Rampage  .   (gloves currently unavailable)
Will    ++...      Clarity  +   (boots unavailable)
Stlth   ++........ NoTele   +   (no amulet)
HPRegen 0.33/turn               F - +6 ring of dexterity
MPRegen 0.00/turn               J - +6 ring of intelligence

@: mighty, tree-form, unable to read
A: stationary, stasis, torment immunity, boosted hp, sickness immunity, (fire
resistance 2), (cold vulnerability 1), float, innate caster, HP casting, extra
vitality 1, clarity, strong-willed 1, robust 1, strong 1, wild magic 1
a: Renounce Religion


You were on level 1 of the Abyss.
You worshipped Xom.
You were a favourite toy of Xom.
You were a tree.
You visited 1 branch of the dungeon, and saw 10 of its levels.
You visited the Abyss 1 time.

You collected 670 gold pieces.
You spent 216 gold pieces at shops.


Innate Abilities, Weirdness & Mutations

You are a tree.
Your roots penetrate the ground, keeping you stationary.
You cannot be teleported.
You are immune to unholy pain and torment.
Your maximum health is greatly increased.
Your equipment is partially melded.
You are immune to sickness and miasma.
You are immune to poison.
((Your flesh is very heat resistant. (rF++)))
((You are vulnerable to cold. (rC-)))
You float through the air rather than walking.
You learn spells naturally, not from books.
Your magical power is your life essence.
You have superior vitality. (+4 MHP)
You possess an exceptional clarity of mind.
You are strong-willed. (Will+)
You are robust. (+10% HP)
Your muscles are strong. (Str +2)
Your spells are a little harder to cast, but a little more powerful.


   Skills:
 + Level 10.3 Fighting
 - Level 3.2 Bows
 * Level 15.4 Dodging
 - Level 0.7 Stealth


You couldn't memorise any spells.
You knew the following spells:

 Your Spells              Type           Power      Damage    Failure   Level
a - Slow                  Hex            0%         N/A       34%         1
b - Ensorcelled Hibernat  Hex/Ice        0%         N/A       45%         2
c - Poisonous Vapours     Pois/Air       0%         N/A       45%         2
d - Tukima's Dance        Hex            0%         N/A       67%         3
e - Yara's Violent Unrav  Hex/Tmut       0%         3d3       100%        5
Your spell library was empty.

Inventory:

Hand Weapons
 a - a +2 hunting sling of freezing {sling}
   (You found it on level 1 of the Dungeon)
 b - the +6 scimitar of Irritation (weapon) {freeze, rN+ Dex+3, long}
   (You bought it in a shop on level 2 of the Dungeon)

   It freezes those it strikes, dealing additional cold damage.
   It can also slow down cold-blooded creatures.
   Dex:       It affects your dexterity (+3).
   rN:        It protects you from negative energy.
 d - a +1 shortbow {bow}
 l - a +3 scimitar of flaming {long}
   (You took it off an efreet on level 1 of the Abyss)
Missiles
 f - 259 stones {throwing}
 n - 34 poisoned darts {throwing}
 s - 6 javelins {throwing}
 x - a boomerang {throwing}
 O - 6 throwing nets {=f!fthrowing}
 T - 3 curare-tipped darts {=fthrowing}
Armour
 j - a +0 kite shield of poison resistance
   (You found it on level 9 of the Dungeon)
 u - a +0 leather armour (melded)
 H - a +1 hat (melded)
   (You found it on level 6 of the Dungeon)
 M - a +0 pair of gloves (melded)
   (You found it on level 7 of the Dungeon)
Magical Staves
 z - a staff of fire {!astaff}
   (Xom gifted it to you on level 5 of the Dungeon)
Jewellery
 y - a ring of poison resistance
   (You found it on level 5 of the Dungeon)
 C - an amulet of guardian spirit
   (You found it on level 5 of the Dungeon)
 F - a +6 ring of dexterity (left branch)
   (You found it on level 5 of the Dungeon)
 I - a ring of resist corrosion
   (You took it off an orc wizard on level 6 of the Dungeon)
 J - a +6 ring of intelligence (right branch)
   (You found it on level 7 of the Dungeon)
 P - a ring of flight
   (You found it on level 8 of the Dungeon)
Wands
 t - a wand of charming (5)
   (Xom gifted it to you on level 3 of the Dungeon)
 G - a wand of digging (7)
   (You found it on level 6 of the Dungeon)
 K - a wand of flame (32)
   (You found it on level 7 of the Dungeon)
 Q - a wand of acid (9)
   (You found it on level 8 of the Dungeon)
Scrolls
 c - 2 scrolls of immolation {!r!r}
 e - a scroll of torment {!r}
 k - a scroll of fear
 m - a scroll of noise {!r}
 o - a scroll of silence {!r}
 p - 2 scrolls of enchant weapon
 q - a scroll of magic mapping {!r}
 v - 6 scrolls of teleportation {@r4}
 w - a scroll of vulnerability {!r!r}
 D - a scroll of fog
 E - a scroll of holy word
Potions
 g - 3 potions of attraction {!q}
 h - a potion of flight
 i - 5 potions of curing {@q1}
 B - a potion of haste {@q3}
 L - 2 potions of lignification {!q}
 S - a potion of might
 U - a potion of cancellation {unknown}
 V - a potion of magic {unknown}

Dungeon Overview and Level Annotations

Branches:
Dungeon (10/15)            Temple (0/1) D:6            Lair (0/6) D:8
    Orc (0/2) D:10

Altars:
Ashenzari
Xom

Shops:
D:1 (   D:2 *

Annotations:
D:10 Psyche

.## # ...#
.#. . .
#... .#
.##. #.
..#.#.. ...
.# # #
.###...###.
.. . #.##.
...## # # #
#.. .
...#.# ...
## #.. .# .
###xv.##.
..## #♣#.#
# . # ##x##
# #.# ..s
#.#..
.###.. #..
.## #


You could see an orb spider (charged) and a small abomination.


Message History

That felt strangely unrewarding.
The harpy zombie completely misses you. The harpy zombie closely misses you.
The harpy zombie misses you.
The harpy zombie completely misses you. x2
The harpy zombie closely misses you.
The small abomination completely misses you.
The shadow slips into darkness.
The shadow flickers and vanishes!
Deactivating autopickup; reactivate with Ctrl-A.
You are confused.
You feel invigorated. The harpy zombie closely misses you.
The harpy zombie completely misses you. x2; The harpy zombie misses you.
The small abomination completely misses you. 😱 HP[+5]
You regained 5 hp, and now have 21/94 hp.
Unknown command.
The harpy zombie attacks as you move away!
The harpy zombie completely misses you. The harpy zombie closely misses you.
The small abomination attacks as you move away!
The small abomination hits you!
* * * LOW HITPOINT WARNING * * *
The harpy zombie misses you.
The harpy zombie completely misses you. x3 😱 HP[-9]
You take 9 damage, and now have 12/94 hp.
You hit the harpy zombie. You headbutt the harpy zombie.
The harpy zombie closely misses you. The harpy zombie misses you. x2
The harpy zombie completely misses you. The harpy zombie claws you.
* * * LOW HITPOINT WARNING * * *
The harpy zombie misses you. 😱 HP[+5]
You regained 5 hp, and now have 17/94 hp.
Unknown command.
You slash the harpy zombie! You freeze the harpy zombie.
You headbutt the harpy zombie! The harpy zombie completely misses you.
The harpy zombie claws you.
* * * LOW HITPOINT WARNING * * *
The harpy zombie closely misses you. The harpy zombie barely misses you.
The harpy zombie misses you. The harpy zombie barely misses you.
Unknown command.
The harpy zombie completely misses you.
The harpy zombie claws you but does no damage. 😱 HP[+3]
You regained 3 hp, and now have 20/94 hp.
Unknown command.
You slice the harpy zombie!! Your headbutt misses the harpy zombie.
You feel less invigorated.
You feel less confused. The harpy zombie completely misses you.
The harpy zombie closely misses you. The harpy zombie barely misses you.
The harpy zombie completely misses you. x2
The harpy zombie misses you. The harpy zombie completely misses you.
The harpy zombie claws you.
* * * LOW HITPOINT WARNING * * *
You hit the harpy zombie.
You destroy the harpy zombie!
That felt strangely unrewarding.
The will-o-the-wisp engulfs you.
* * * LOW HITPOINT WARNING * * *
😱 HP[-4]
You take 4 damage, and now have 16/94 hp.
It was a potion of lignification.
You turn into a tree.
Your +1 hat melds into your body.
Your +0 pair of gloves melds into your body.
Your +0 leather armour melds into your body.
Your roots penetrate the ground.
Xom thinks this is hilarious!
The will-o-the-wisp engulfs you!
* * * LOW HITPOINT WARNING * * *
😱 HP[-5]
You now have 141 max hp (+47).
You slice the will-o-the-wisp!! You freeze the will-o-the-wisp.
The will-o-the-wisp engulfs you but does no damage.
You slash the will-o-the-wisp! You freeze the will-o-the-wisp.
The will-o-the-wisp engulfs you!
* * * LOW HITPOINT WARNING * * *
😱 HP[-6]
You take 6 damage, and now have 5/141 hp.
You slice the will-o-the-wisp!! You freeze the will-o-the-wisp.
You destroy the will-o-the-wisp!
That felt strangely unrewarding.
The orb spider begins to weave its threads into a brightly glowing ball.
You completely miss the orb spider. 😱 HP[+1] It was a potion of mutation.
You feel extremely strange.
You feel weaker. The horns on your head shrink away.
Your teeth shrink to normal size.
You feel less in control of your magic.
You can once more read scrolls while threatened.
Xom roars with laughter!
It was a potion of degeneration.
There was something very wrong with that liquid.
You feel weakened.
You feel dopey.
You feel clumsy.
The small abomination hits you but does no damage.
It was a potion of might.
You feel very mighty all of a sudden. The small abomination hits you.
* * * LOW HITPOINT WARNING * * *
😱 HP[-2]
You take 2 damage, and now have 4/141 hp.
You slice the small abomination!! You freeze the small abomination.
The small abomination hits you but does no damage.
The small abomination hits you.
You die...
Xom snickers!

Skill      XL: |  1  2  3  4  5  6  7  8  9 10 11 |
---------------+----------------------------------+-----
Dodging        | 3 4 5 6 7 9 11 13 15 | 15.4
Fighting       | 3 4 5 6 7 9 10 | 10.3
Bows           | |  3.2
Stealth        | |  0.7

Action                   |  1- 3 |  4- 6 |  7- 9 | 10-12 || total
-------------------------+-------+-------+-------+-------++-------
Melee: Scimitar          |       |    14 |   101 |   185 ||   300
       Headbutt          |       |       |    17 |    39 ||    56
       Bite              |       |       |     9 |    27 ||    36
       Punch             |       |       |     1 |       ||     1
 Fire: Hunting sling     |    64 |    96 |   167 |    58 ||   385
       Shortbow          |     3 |       |       |       ||     3
Evoke: Wand              |       |       |       |     1 ||     1
  Use: Scroll            |       |       |       |    11 ||    11
       Potion            |       |       |       |    14 ||    14
 Stab: Sleeping          |       |       |     1 |       ||     1
       Confused          |       |       |       |     3 ||     3
Armor: Leather armour    |     3 |    11 |    23 |    27 ||    64
       Skin              |       |       |       |     3 ||     3
Dodge: Dodged            |    12 |    45 |   186 |   381 ||   624
Block: Other             |       |       |    36 |    17 ||    53

Levels and vault maps discovered:
D:1:      minmay_arrival_plants_in_alcoves, layout_loops_cross,
          chequers_ecumenical_altar_simple, serial_shops, shop
D:2:      minmay_chambers_of_ones, layout_rooms, serial_shops,
          nicolae_shop_statue_plus, amcnicky_mini_pool_small
D:3:      layout_basic
D:4:      layout_loops_ring, cheibrodos_gnoll_hut
D:5:      layout_rooms, nrook_pool_corridor
D:6:      layout_loops_cross, minmay_temple_entry_ruins
D:7:      layout_basic, cheibrodos_ashenzari_chains, nrook_mini_vaults,
          minmay_mini_ossuary, uniq_joseph
D:8:      layout_loops_ring, erik_lair_orcish_takeover,
          minmay_fractal_squares_gapless_5, uniq_maurice
D:9:      layout_grid_maze, minivault_13, uniq_harold
D:10:     layout_rooms, minmay_orc_entry_temple_small, uniq_grum, uniq_psyche,
          uniq_sonja, uniq_gastronok
Abyss:1:  base:
D:10

Notes
Turn   | Place    | Note
-------+----------+-------------------------------------------
     0 | D:1      | spaghetti the Djinni Hunter began the quest for the Orb.
     0 | D:1      | Reached XP level 1. HP: 18/18 MP: 0/0
     0 | D:1      | magus.rc [v1.9.6]
   255 | D:1      | Reached XP level 2. HP: 23/23 MP: 0/0
   264 | D:1      | Found a faded altar of an unknown god.
   293 | D:1      | Prayed at the altar of an unknown god.
   293 | D:1      | Became a worshipper of Xom of Chaos
   549 | D:1      | Reached skill level 3 in Dodging
   802 | D:1      | Reached XP level 3. HP: 29/29 MP: 0/0
   802 | D:1      | Learned a level 1 spell: Slow
   808 | D:1      | Found Ophyivi's Antique Weapon Boutique.
   987 | D:2      | Found Ziegop's Assorted Antiques.
  1163 | D:2      | Reached XP level 4. HP: 34/34 MP: 0/0
  1168 | D:2      | XOM: 1-stop teleportation journey
  1218 | D:2      | Reached skill level 4 in Dodging
  1343 | D:2      | XOM: scenery: 1 doors open
  1521 | D:2      | XOM: 2-stop teleportation journey
  1591 | D:3      | Reached skill level 3 in Fighting
  1617 | D:3      | Reached XP level 5. HP: 40/40 MP: 0/0
  1617 | D:3      | Learned a level 2 spell: Ensorcelled Hibernation
  1689 | D:3      | XOM is BORED!
  1883 | D:3      | XOM: give mutations
  1883 | D:3      | Gained mutation: You are robust. (+10% HP) [Xom's grace]
  1883 | D:3      | Gained mutation: Your muscles are strong. (Str +2) [Xom's
                  | grace]
  1883 | D:3      | Gained mutation: You are agile. (Dex +2) [Xom's grace]
  1883 | D:3      | Gained mutation: You have hidden genetic potential. [Xom's
                  | grace]
  1972 | D:3      | XOM: summons 3 hostile shadow creatures
  1996 | D:3      | XOM: god gift: wand of charming (5)
  2021 | D:2      | Bought a translucent scimitar for 216 gold pieces
  2021 | D:2      | Identified the +6 scimitar of Irritation {freeze, rN+
                  | Dex+3} (You bought it in a shop on level 2 of the Dungeon)
  2241 | D:4      | Reached skill level 5 in Dodging
  2497 | D:4      | Noticed a black bear
  2501 | D:4      | Killed a black bear
  2502 | D:4      | Reached XP level 6. HP: 51/51 MP: 0/0
  2514 | D:4      | Gained mutation: You are strong-willed. (Will+) [hidden
                  | potential]
  2523 | D:4      | Reached skill level 4 in Fighting
  2523 | D:4      | Reached skill level 6 in Dodging
  2817 | D:4      | Reached XP level 7. HP: 52/58 MP: 0/0
  2817 | D:4      | Learned a level 2 spell: Poisonous Vapours
  3000 | D:4      | Gained mutation: You have very sharp teeth. [hidden
                  | potential]
  3000 | D:4      | Lost mutation: You have hidden genetic potential. [hidden
                  | potential expressed]
  3045 | D:5      | Entered Level 5 of the Dungeon
  3055 | D:5      | XOM: butterfly on damage
  3058 | D:5      | Reached skill level 7 in Dodging
  3258 | D:5      | XOM: give mutations
  3258 | D:5      | Gained mutation: Your muscles are very strong. (Str +4)
                  | [Xom's grace]
  3258 | D:5      | Gained mutation: You are partially covered in large bone
                  | plates. (SH +4) [Xom's grace]
  3258 | D:5      | Gained mutation: You have a pair of small horns on your
                  | head. [Xom's grace]
  3258 | D:5      | Gained mutation: You are partially covered in iridescent
                  | scales. (AC +2) [Xom's grace]
  3341 | D:5      | XOM: god gift: staff of fire
  3436 | D:5      | Reached skill level 5 in Fighting
  3456 | D:5      | XOM: cloud trail
  3543 | D:5      | Reached XP level 8. HP: 37/64 MP: 0/0
  3810 | D:5      | XOM: summons 2 hostile demons
  3999 | D:5      | Reached skill level 8 in Dodging
  4077 | D:5      | XOM: give mutations
  4077 | D:5      | Lost mutation: Your muscles are very strong. (Str +4)
                  | [Xom's mischief]
  4077 | D:5      | Lost mutation: You are agile. (Dex +2) [Xom's mischief]
  4229 | D:6      | Found a staircase to the Ecumenical Temple.
  4236 | D:6      | XOM: 3-stop teleportation journey
  4398 | D:6      | XOM: 4-stop teleportation journey
  4729 | D:6      | XOM: give mutations
  4729 | D:6      | Gained mutation: You possess an exceptional clarity of
                  | mind. [Xom's mischief]
  4729 | D:6      | Lost mutation: You possess an exceptional clarity of mind.
                  | [Xom's mischief]
  4729 | D:6      | Gained mutation: You sometimes lose the ability to read
                  | scrolls when taking damage. [Xom's mischief]
  4729 | D:6      | Lost mutation: You are partially covered in iridescent
                  | scales. (AC +2) [Xom's mischief]
  4843 | D:6      | Reached skill level 9 in Dodging
  4853 | D:6      | Reached skill level 6 in Fighting
  5038 | D:7      | Found a broken altar of Ashenzari.
  5079 | D:7      | Reached XP level 9. HP: 69/73 MP: 0/0
  5079 | D:7      | Learned a level 3 spell: Tukima's Dance
  5108 | D:7      | XOM: give mutation
  5108 | D:7      | Gained mutation: Your muscles are very strong. (Str +4)
                  | [Xom's grace]
  5149 | D:7      | Reached skill level 10 in Dodging
  5581 | D:7      | Noticed Joseph
  5766 | D:7      | Killed Joseph
  5767 | D:7      | Reached skill level 7 in Fighting
  5842 | D:7      | XOM: cloud trail
  5984 | D:7      | XOM: divination: detect creatures
  5986 | D:7      | Reached skill level 11 in Dodging
  6176 | D:7      | XOM: butterfly on damage
  6515 | D:7      | XOM: cloud trail
  6630 | D:8      | Found a staircase to the Lair.
  6637 | D:8      | XOM: potion effect (haste)
  6644 | D:8      | Reached XP level 10. HP: 82/83 MP: 0/0
  6666 | D:8      | Reached skill level 8 in Fighting
  6666 | D:8      | Reached skill level 12 in Dodging
  6869 | D:8      | Noticed Maurice
  6878 | D:8      | XOM: potion effect (might)
  6880 | D:8      | Killed Maurice
  6904 | D:8      | XOM: 1-stop teleportation journey
  6907 | D:8      | XOM: divination: magic mapping
  7325 | D:8      | Reached skill level 13 in Dodging
  7409 | D:9      | XOM: potion effect (curing)
  7410 | D:9      | XOM: scenery: 1 doors close
  7636 | D:9      | XOM: divination: magic mapping
  7658 | D:9      | XOM: 5-stop teleportation journey
  7813 | D:9      | XOM: 4-stop teleportation journey
  7837 | D:9      | XOM: give mutations
  7837 | D:9      | Gained mutation: You possess an exceptional clarity of
                  | mind. [Xom's mischief]
  7837 | D:9      | Lost mutation: You sometimes lose the ability to read
                  | scrolls when taking damage. [Xom's mischief]
  7837 | D:9      | Gained mutation: You sometimes lose the ability to read
                  | scrolls when taking damage. [Xom's mischief]
  7837 | D:9      | Lost mutation: You are partially covered in large bone
                  | plates. (SH +4) [Xom's mischief]
  7900 | D:9      | Found a runed translucent door.
  7900 | D:9      | Noticed a centaur warrior
  7903 | D:9      | Noticed an ogre mage
  7906 | D:9      | XOM: confuse monster(s)
  7909 | D:9      | Killed a centaur warrior
  7910 | D:9      | Reached skill level 9 in Fighting
  8048 | D:9      | Killed an ogre mage
  8049 | D:9      | Reached XP level 11. HP: 75/92 MP: 0/0
  8049 | D:9      | Learned a level 5 spell: Yara's Violent Unravelling
  8225 | D:9      | Noticed a centaur warrior
  8229 | D:9      | Killed a centaur warrior
  8230 | D:9      | Reached skill level 14 in Dodging
  8230 | D:9      | Noticed a centaur warrior
  8230 | D:9      | Noticed a harpy
  8237 | D:9      | Killed a centaur warrior
  8241 | D:9      | HP: 19/93 [harpy (15)]
  8242 | D:9      | HP: 9/93 [harpy (10)]
  8244 | D:9      | Killed a harpy
  8448 | D:9      | XOM: scenery: 1 doors open, 1 doors close
  8450 | D:9      | XOM: blink monster(s)
  8453 | D:9      | Reached skill level 10 in Fighting
  8462 | D:9      | XOM: noise
  8532 | D:9      | XOM: stat loss: -1 Int (16/17)
  8589 | D:9      | XOM: summons 2 hostile shadow creatures
  8590 | D:9      | Noticed a two-headed ogre
  8597 | D:9      | HP: 32/139 [wight/+4 spear[Xom] (13)]
  9176 | D:9      | Noticed Harold
  9194 | D:9      | Killed Harold
  9195 | D:9      | Reached skill level 15 in Dodging
  9448 | D:10     | Entered Level 10 of the Dungeon
  9448 | D:10     | Noticed Sonja
  9483 | D:10     | Killed Sonja
  9513 | D:10     | Noticed Grum
  9513 | D:10     | Noticed Psyche
  9513 | D:10     | XOM: 1-stop teleportation journey
  9519 | D:10     | XOM: confuse monster(s)
  9523 | D:10     | Killed Grum
  9533 | D:10     | HP: 21/94 [something (14)]
  9538 | D:10     | HP: 12/94 [something (12)]
  9544 | D:10     | Found a staircase to the Orcish Mines.
  9880 | D:10     | You are cast into the Abyss!
  9880 | D:10     | Cast into level 1 of the Abyss (Psyche)
  9914 | Abyss:1  | Noticed a tentacled starspawn
  9930 | Abyss:1  | XOM: blink monster(s)
  9933 | Abyss:1  | XOM: cast spell 'Summon Dragon'
  9936 | Abyss:1  | Killed a tentacled starspawn
  9971 | Abyss:1  | XOM: swap monsters
 10021 | Abyss:1  | Noticed a tentacled starspawn
 10028 | Abyss:1  | Noticed a wretched star
 10046 | Abyss:1  | HP: 9/94 [spriggan defender skeleton (22)]
 10094 | Abyss:1  | Noticed a will-o-the-wisp
 10095 | Abyss:1  | Noticed an orb spider
 10104 | Abyss:1  | HP: 22/94 [harpy zombie (7)]
 10113 | Abyss:1  | HP: 20/94 [neqoxec (6)]
 10120 | Abyss:1  | HP: 7/94 [small abomination (14)]
 10125 | Abyss:1  | HP: 16/94 [will-o-the-wisp (5)]
 10128 | Abyss:1  | HP: 5/141 [will-o-the-wisp (7)]
 10129 | Abyss:1  | Killed a will-o-the-wisp
 10131 | Abyss:1  | Lost mutation: Your muscles are very strong. (Str +4)
                  | [potion of mutation]
 10131 | Abyss:1  | Lost mutation: You have a pair of small horns on your head.
                  | [potion of mutation]
 10131 | Abyss:1  | Lost mutation: You have very sharp teeth. [potion of
                  | mutation]
 10131 | Abyss:1  | Gained mutation: Your spells are a little harder to cast,
                  | but a little more powerful. [potion of mutation]
 10131 | Abyss:1  | Lost mutation: You sometimes lose the ability to read
                  | scrolls when taking damage. [potion of mutation]
 10133 | Abyss:1  | HP: 4/141 [small abomination (3)]
 10134 | Abyss:1  | Slain by a small abomination

Vanquished Creatures
  Harold (D:9)
  A spriggan skeleton (Abyss:1)
  3 centaur warriors (D:9)
  An ogre mage (D:9)
  Sonja (D:10)
  A harpy (D:9)
  A will-o-the-wisp (Abyss:1)
  Maurice (D:8)
  Joseph (D:7)
  An apocalypse crab (Abyss:1)
  An efreet (Abyss:1)
  A harpy zombie (Abyss:1)
  A hornet (D:9)
  Grum (D:10)
  A steam dragon (D:8)
  A large abomination (Abyss:1)
  A neqoxec (Abyss:1)
  2 wargs (D:8)
  2 water moccasins
  2 black bears
  4 orc warriors
  An ogre (D:5)
  2 ice beasts
  A sky beast (D:7)
  2 wolves
  2 centaurs (D:8)
  A phantom (D:4)
  4 kobold brigands
  4 necrophages
  4 bullfrogs
  A gnoll sergeant (D:9)
  2 scorpions
  A wight (D:9)
  A howler monkey (D:6)
  6 orc priests
  2 jellies
  3 gnoll shamans
  2 hounds (D:4)
  7 orc wizards
  3 iguanas
  A centaur simulacrum (D:9)
  A mummy (D:7)
  6 adders
  18 gnolls
  A shadow imp (D:8)
  2 white imps
  An ufetubus (Abyss:1)
  2 worms
  A dart slug (D:3)
  24 orcs
  2 bats (D:2)
  9 endoplasms
  3 giant cockroaches
  5 goblins
  3 hobgoblins
  4 jackals
  3 quokkas
  7 ball pythons
  2 frilled lizards
  2 hobgoblin zombies (D:7)
  24 kobolds
  A kobold zombie (D:7)
  An orc zombie (D:7)
  6 rats
207 creatures vanquished.

Vanquished Creatures (collateral kills)
  A tentacled starspawn (Abyss:1)
  An ufetubus (Abyss:1)
  2 starspawn tentacles (Abyss:1)
4 creatures vanquished.

Vanquished Creatures (others)
  2 foxfires (Abyss:1)
  6 starspawn tentacles (Abyss:1)
8 creatures vanquished.

Grand Total: 219 creatures vanquished

Table legend:
 A = Non-vault XP
 B = Vault XP
 C = Vault XP percentage of total XP
 D = Non-vault monster count
 E = Vault monster count
 F = Vault count percentage of total count
                 A         B        C        D         E       F
            +---------+---------+-------+---------+---------+-------
      Total |    4662 |    7954 |  63.0 |     170 |      39 |  18.7
            +---------+---------+-------+---------+---------+-------
        D:1 |      40 |       0 |   0.0 |      16 |       0 |   0.0
        D:2 |      52 |      13 |  20.0 |      18 |       5 |  21.7
        D:3 |      45 |       0 |   0.0 |       6 |       0 |   0.0
        D:4 |     433 |      98 |  18.5 |      21 |       3 |  12.5
        D:5 |     520 |       0 |   0.0 |      12 |       0 |   0.0
        D:6 |     647 |       0 |   0.0 |      16 |       0 |   0.0
        D:7 |    1070 |     477 |  30.8 |      31 |       6 |  16.2
        D:8 |    1026 |    1275 |  55.4 |      16 |      13 |  44.8
        D:9 |     829 |    5005 |  85.8 |      24 |       9 |  27.3
       D:10 |       0 |    1086 | 100.0 |       0 |       3 | 100.0
    Abyss:1 |       0 |       0 |   N/A |      10 |       0 |   0.0
            +---------+---------+-------+---------+---------+-------

Illustrated notes

Table legend:
 A = Kills in this place as a percentage of kills in entire the game.
 B = Kills by you in this place as a percentage of kills by you in the entire game.
 C = Kills by friends in this place as a percentage of kills by friends in the entire game.
 D = Other kills in this place as a percentage of other kills in the entire game.
 E = Experience gained in this place as a percentage of experience gained in the entire game.
 F = Experience gained in this place divided by the number of levels of this place that you have seen.
                   A       B       C       D       E      F
               +-------+-------+-------+-------+-------+----------------------
         Total | 100.0 | 100.0 | 100.0 |   N/A | 100.0 | 1146.9
       Dungeon |  95.2 |  96.1 |   0.0 |   N/A | 100.0 | 1261.6
         Abyss |   4.8 |   3.9 | 100.0 |   N/A |   0.0 |   0.0
               +-------+-------+-------+-------+-------+----------------------

Table legend: (Time is in decaauts)
 A = Elapsed time spent in this place.
 B = Non-inter-level travel time spent in this place.
 C = Inter-level travel time spent in this place.
 D = Time resting spent in this place.
 E = Time spent auto-exploring this place.
 F = Levels seen in this place.
 G = Mean time per level.
                   A        B        C        D        E       F      G
               +--------+--------+--------+--------+--------+-----+--------+
         Total |  10390 |  10073 |    317 |   1887 |   6469 |  11 |  944.5 |
       Dungeon |  10151 |   9834 |    317 |   1836 |   6469 |  10 | 1015.1 |
         Abyss |    238 |    238 |      0 |     50 |      0 |   1 |  238.0 |
               +--------+--------+--------+--------+--------+-----+--------+

Top non-repeatable levels by time:
     D:9: 2450 daAuts
     D:7: 1614 daAuts
     D:5: 1072 daAuts
     D:1: 1009 daAuts
     D:4: 970 daAuts
     D:6: 935 daAuts
     D:8: 835 daAuts
     D:2: 649 daAuts
     D:3: 506 daAuts
 Abyss:1: 238 daAuts
    D:10: 107 daAuts
